 Dungeon Crawl Stone Soup version 0.30.1-11-g7821555f0a (webtiles) character file.

Game seed: 1995748025921326251

269 Ijustatesigmund the Conjurer (level 6, -6/40 HPs)
             Began as an Octopode Conjurer on Jan 10, 2024.
             Mangled by an orc
             ... wielding a +0 mace
              (8 damage)
             ... on level 4 of the Dungeon.
             The game lasted 00:06:33 (3385 turns).

Ijustatesigmund the Conjurer (Octopode Conjurer)    Turns: 3385, Time: 00:06:35

Health: -6/40      AC:  1    Str:  6    XL:     6   Next: 22%
Magic:  11/11      EV: 12    Int: 23    God:
Gold:   191        SH:  0    Dex:  6    Spells: 5/12 levels left

rFire   . . .        b - +11 dagger "Iramn" {freeze, +Blink rPois rN+ Dex-4}
rCold   + . .        (no shield)
rNeg    + + .        (helmet restricted)
rPois   +            (no amulet)
rElec   .            n - ring of positive energy
rCorr   .            r - ring of protection from cold
SInv    .            u - ring of flight
Will    .....        (no ring)
Stlth   +++          (no ring)
HPRegen 0.26/turn    (no ring)
MPRegen 0.12/turn    (no ring)
                     (no ring)

%: no passive effects
@: flying
A: almost no armour, amphibious, 8 rings, camouflage 1, gelatinous body 1,
(nimble swimmer 1), tentacles
a: Evoke Blink


You were on level 4 of the Dungeon.
You visited 1 branch of the dungeon, and saw 4 of its levels.

You collected 191 gold pieces.

Inventory:

Hand Weapons
 b - the +11 dagger "Iramn" (weapon) {freeze, +Blink rPois rN+ Dex-4}
   (You found it on level 3 of the Dungeon)

   Dex:       It affects your dexterity (-4).
   rPois:     It protects you from poison.
   rN:        It protects you from negative energy.
   +Blink:    It lets you blink.
 o - a +4 dagger of draining
Armour
 s - a +0 buckler
Jewellery
 n - a ring of positive energy (left tentacle)
 r - a ring of protection from cold (right tentacle)
 u - a ring of flight (on tentacle)
Wands
 t - a wand of mindburst (9)
Scrolls
 h - a scroll of brand weapon {unknown}
 k - a scroll of vulnerability {unknown}
Potions
 a - a potion of magic
 d - a potion of curing
 e - 2 potions of attraction
 f - a potion of lignification
 g - a potion of resistance {unknown}
 i - a potion of might {unknown}
 l - a potion of flight {unknown}
 m - a potion of heal wounds


   Skills:
 - Level 2.3 Fighting
 - Level 2.0 Dodging
 - Level 2.6 Stealth
 + Level 3.5 Spellcasting
 + Level 5.2 Conjurations
 * Level 2.3 Translocations


You had 5 spell levels left.
You knew the following spells:

 Your Spells              Type           Power      Damage    Failure   Level
a - Magic Dart            Conj           100%       1d8       1%          1
b - Searing Ray           Conj           56%        2d6       1%          2
c - Iskenderun's Mystic   Conj/Tloc      21%        2d6       22%         4

Your spell library contained the following spells:

 Spells                   Type           Power      Damage    Failure   Level
 Lesser Beckoning         Tloc           28%        N/A       6%          2
 Dazzling Flash           Conj/Hex       32%        N/A       12%         3
 Gell's Gravitas          Tloc           14%        N/A       12%         3
 Teleport Other           Tloc           14%        N/A       12%         3
 Fulminant Prism          Conj/Hex       8%         3d7       36%         4


Dungeon Overview and Level Annotations

Branches:
Dungeon (4/15)
 Temple: D:4-7

Altars:
Kikubaaqudgha
Zin
The Shining One


Innate Abilities, Weirdness & Mutations

You cannot wear most types of armour.
You are amphibious.
You can wear up to eight rings at the same time.
Your skin changes colour to match your surroundings (Stealth+).
Your rubbery body absorbs attacks. (AC +1, EV +1)
((You are camouflaged when in or above water. (Stealth+)))
You have tentacles for arms and can constrict up to eight enemies at once.


Message History

The orc is heavily wounded.
The orc hits you with a +0 mace. x2
You are too injured to fight recklessly!
You are too injured to fight recklessly!
You are too injured to fight recklessly!
You are too injured to fight recklessly!
You are too injured to fight recklessly!
You are too injured to fight recklessly!
You are too injured to fight recklessly!
Unknown command.
You feel better.
The orc priest calls upon Beogh to heal the orc.
The orc's wounds heal themselves!
The orc hits you with a +0 mace!
* * * LOW HITPOINT WARNING * * *
The orc hits you with a +0 mace.
* * * LOW HITPOINT WARNING * * *
As you read the scroll labelled KOKHAO DUMUINI, it crumbles to dust.
The creatures around you are filled with an inner flame!
It was a scroll of immolation.
The orc closely misses you. The orc barely misses you.
The orc hits you but does no damage.
It was a potion of heal wounds.
You feel much better. The orc closely misses you.
The orc priest hits you with a +0 short sword.
The orc closely misses you. The orc hits you with a +0 mace.
* * * LOW HITPOINT WARNING * * *
As you read the scroll labelled CUAT KAWAJO, it crumbles to dust.
It is a scroll of amnesia.
Really abort (and waste the scroll)?
Okay, then.
The orc misses you. The orc priest barely misses you.
The orc hits you with a +0 mace.
* * * LOW HITPOINT WARNING * * *
The orc hits you with a +0 mace.
* * * LOW HITPOINT WARNING * * *
This is a scroll of acquirement!
Something appears before you! The orc hits you with a +0 club.
* * * LOW HITPOINT WARNING * * *
The orc priest looks satisfied for a moment.
The orc hits you with a +0 mace!
You die...

#############
#...........#
#...........#
#..PPP.PPP..#
#####..PPP.PPP..#
#..o@o.PP.......#
#..oo..PP.......###
#........PP..PPPP...##
#........PP..P.......#
#........PP..P._..#.###
#.##...#......P......#..
# #...#.............#.#
.#.###..##.######.#.#
..... #.# #.#.#


You could see an orc priest (inner flame) and 3 orcs.

Vanquished Creatures
  A jelly (D:4)
  Ijyb (D:4)
  2 orc wizards (D:4)
  Robin (D:2)
  4 adders
  4 gnolls (D:2)
  2 worms
  2 orcs (D:4)
  2 bats (D:1)
  8 endoplasms
  5 giant cockroaches
  11 goblins
  7 hobgoblins
  8 kobolds
  A quokka (D:1)
  8 ball pythons
  2 frilled lizards
  4 rats (D:1)
73 creatures vanquished.

Notes
Turn   | Place    | Note
-------+----------+-------------------------------------------
     0 | D:1      | Ijustatesigmund the Octopode Conjurer began the quest for
                  | the Orb.
     0 | D:1      | Reached XP level 1. HP: 11/11 MP: 3/3
   114 | D:1      | Reached XP level 2. HP: 17/18 MP: 1/5
   117 | D:1      | Learned a level 2 spell: Searing Ray
   299 | D:1      | Reached skill level 1 in Fighting
   760 | D:1      | Reached XP level 3. HP: 23/23 MP: 4/6
  1516 | D:2      | Noticed Robin
  1534 | D:2      | Reached XP level 4. HP: 22/29 MP: 2/8
  1536 | D:2      | Killed Robin
  2036 | D:2      | Reached XP level 5. HP: 12/35 MP: 1/9
  2132 | D:2      | Learned a level 4 spell: Iskenderun's Mystic Blast
  2495 | D:3      | Identified the +11 dagger "Iramn" {freeze, +Blink rPois rN+
                  | Dex-4}
  2673 | D:3      | Found a glowing silver altar of Zin.
  2674 | D:3      | Found a glowing golden altar of the Shining One.
  2789 | D:4      | Reached skill level 1 in Translocations
  2944 | D:4      | Noticed Ijyb
  2953 | D:4      | Killed Ijyb
  2954 | D:4      | Reached skill level 5 in Conjurations
  3134 | D:4      | Reached XP level 6. HP: 40/40 MP: 4/11
  3342 | D:4      | Found an ancient bone altar of Kikubaaqudgha.
  3385 | D:4      | Identified a scroll of acquirement
  3385 | D:4      | Acquired the ring of Itaecvom {Fire +Blink Will+ Dex+2}
  3385 | D:4      | HP: 2/40 [orc/+0 club (1)]
  3385 | D:4      | Mangled by an orc

Illustrated notes

Levels and vault maps discovered:
D:1:      reono_arrival_forest_river, layout_basic, minmay_misc_feat_cross
D:2:      layout_loops_ring, uniq_robin
D:3:      layout_basic, nicolae_overflow_squiral, fountainhead
D:4:      layout_loops_ring, mainiacjoe_overflow_chevrons, uniq_natasha,
          uniq_ijyb

Skill      XL: |  1  2  3  4  5 |
---------------+----------------+-----
Fighting       | 1 2 |  2.3
Spellcasting   | 3 |  3.5
Translocations | 2 |  2.3
Conjurations   | 5 |  5.2
Dodging        | |  2.0
Stealth        | |  2.6

Action                     |  1- 3 |  4- 6 || total
---------------------------+-------+-------++-------
  Melee: Dagger            |    11 |    31 ||    42
         Tentacles         |     3 |     8 ||    11
         Constrict         |     3 |     8 ||    11
         Short sword       |     8 |       ||     8
         Trident           |     1 |    12 ||    13
   Cast: Magic Dart        |    51 |    50 ||   101
         Searing Ray       |     2 |     5 ||     7
    Use: Scroll            |       |     6 ||     6
         Potion            |       |     2 ||     2
   Stab: Sleeping          |       |     2 ||     2
 Armour: Skin              |     3 |     3 ||     6
  Dodge: Dodged            |     7 |    16 ||    23
